 Dungeon Crawl Stone Soup version 0.19.5 (webtiles) character file.

162652 Kosschaser the Imperceptible (level 17, 0/79 HPs)
             Began as a Vine Stalker Assassin on Mar 2, 2017.
             Was the Champion of Dithmenos.
             Splashed with acid (10 damage)
             ... on level 1 of the Pits of Slime on Mar 3, 2017.
             The game lasted 03:28:36 (31447 turns).

Kosschaser the Imperceptible (VSAs)                Turns: 31447, Time: 03:28:36

Health: 0/79       AC: 21    Str: 23    XL:     17   Next: 51%
Magic:  0/25       EV: 28    Int:  8    God:    Dithmenos [******]
Gold:   861        SH:  0    Dex: 22    Spells: 3 memorised, 19 levels left

rFire  + . .     SeeInvis +     l - +1 dagger (distort)
rCold  + + .     Gourm    +     h - +4 troll leather armour
rNeg   . . .     Faith    .     (no shield)
rPois  .         Spirit   +     P - +2 helmet {SInv}
rElec  .         Reflect  .     N - +2 cloak
rCorr  +         Harm     .     G - +1 pair of gloves of Satisfaction {rC++ rCorr Str+4 Int-3 Stlth+}
MR     ++...                    (no boots)
Stlth  ++++++++++               F - amulet of the gourmand
                                a - +4 ring of protection
                                T - +6 ring of evasion

@: about to teleport, wreathed by umbra
A: fangs 3, talons 1, fire resistance 1, frail 1, low mp 1, regeneration 2,
strong 2, magic shield, antimagic bite, no device heal 3, rot immunity
a: Shadow Step, Shadow Form, Renounce Religion
}: 1/15 runes: serpentine


You were on level 1 of the Pits of Slime.
You worshipped Dithmenos.
Dithmenos was exalted by your worship.
You were full.

You visited 7 branches of the dungeon, and saw 27 of its levels.
You visited the Abyss 1 time.

You collected 2438 gold pieces.
You spent 1577 gold pieces at shops.

Inventory:

Hand Weapons
 l - a +1 dagger of distortion (weapon)
Missiles
 f - 5 javelins
 C - 6 javelins of penetration
 H - 7 tomahawks (quivered)
Armour
 h - a +4 troll leather armour (worn)
 G - the +1 pair of gloves of Satisfaction (worn) {rC++ rCorr Str+4 Int-3 Stlth+}
   (You bought it in a shop on level 4 of the Snake Pit)

   It affects your strength (+4).
   It affects your intelligence (-3).
   It greatly protects you from cold.
   It protects you from acid and corrosion.
   It makes you more stealthy.
 K - a +2 robe of fire resistance
 N - a +2 cloak (worn)
 P - a +2 helmet of see invisible (worn)
Jewellery
 a - a +4 ring of protection (right hand)
 i - the ring "Waoveob" {*Drain rF+ rC+ Str+4}
   (You acquired it on level 4 of the Snake Pit)

   [ring of protection from fire]

   It affects your strength (+4).
   It protects you from fire.
   It protects you from cold.
   It causes draining when unequipped.
 F - an amulet of the gourmand (around neck)
 M - the amulet "Suitzuimpo" {+Rage rPois rN++ MR- Slay+3}
   (You bought it in a shop on level 1 of the Elven Halls)

   [amulet of rage]

   It affects your accuracy and damage with ranged weapons and melee attacks
   (+3).
   It protects you from poison.
   It greatly protects you from negative energy.
   It affects your resistance to hostile enchantments.
   It lets you go berserk.
 T - a +6 ring of evasion (left hand)
Wands
 c - a wand of lightning (10/15)
 e - a wand of lightning (4/15)
 V - a wand of disintegration (17/24)
Scrolls
 k - 9 scrolls of teleportation
 q - 6 scrolls of amnesia
 v - 10 scrolls of fog
 A - 3 scrolls of recharging
 J - 4 scrolls of summoning
 L - 3 scrolls of magic mapping
 W - a scroll of brand weapon
 Y - 3 scrolls of remove curse
 Z - 6 scrolls of enchant armour
Potions
 j - 3 potions of flight
 m - 4 potions of berserk rage
 p - 3 potions of invisibility
 r - 2 potions of resistance
 t - 3 potions of agility
 w - 4 potions of magic
 x - 2 potions of might
 z - 6 potions of haste
 I - 7 potions of curing
 Q - a potion of cure mutation
 X - 3 potions of brilliance
Books
 s - a book of Party Tricks

   Spells                             Type                      Level
   a - Summon Butterflies             Summoning                    1
   b - Apportation                    Translocation                1
   c - Lesser Beckoning               Translocation                3
   d - Tukima's Dance                 Hexes                        3
   e - Alistair's Intoxication        Transmutation/Poison         5
   f - Invisibility                   Hexes                        6
 E - a book of Maledictions

   Spells                             Type                      Level
   a - Corona                         Hexes                        1
   b - Ensorcelled Hibernation        Hexes/Ice                    2
   c - Confuse                        Hexes                        3
   d - Tukima's Dance                 Hexes                        3
   e - Dazzling Spray                 Conjuration/Hexes            3
Miscellaneous
 d - a phial of floods
 n - a fan of gales
Comestibles
 b - 8 fruits
 g - 11 bread rations
 D - 5 beef jerkies
 R - 11 slices of pizza
 S - 4 meat rations


   Skills:
 + Level 9.7 Fighting
 + Level 11.0 Short Blades
 + Level 6.7 Throwing
 + Level 4.2 Armour
 + Level 11.2 Dodging
 + Level 22.4 Stealth
 + Level 7.0 Spellcasting
 + Level 6.2 Hexes
 + Level 6.4 Ice Magic
 + Level 2.0 Invocations
 + Level 2.2 Evocations


You had 19 spell levels left.
You knew the following spells:

 Your Spells              Type           Power        Failure   Level  Hunger
a - Ensorcelled Hibernat  Hex/Ice        ##....       2%          2    ##.....
b - Confuse               Hex            ##......     6%          3    ###....
c - Invisibility          Hex            ##......     100%        6    #######


Dungeon Overview and Level Annotations

Branches:
Dungeon (11/15)            Temple (1/1) D:5            Lair (6/6) D:10
  Swamp (0/4) Lair:2        Snake (4/4) Lair:3        Slime (1/5) Lair:6
    Orc (2/2) D:10            Elf (2/3) Orc:2

Altars:
Ashenzari
Cheibriados
Dithmenos
Elyvilon
Fedhas
Gozag
Hepliaklqana
Kikubaaqudgha
Makhleb
Nemelex Xobeh
Okawaru
Qazlal
Ru
Sif Muna
Trog
Uskayaw
Vehumet
Xom
Yredelemnul
Zin
The Shining One

Shops:
D:10 *:[%=   D:11 =   Orc:2 ?}:%(   Elf:1 [*!*   Snake:1 =}=   Snake:4 =[[[

Annotations:
D:4 MrSteve's ghost, novice GrEE
Lair:1 exclusion: 2 oklob plants


Innate Abilities, Weirdness & Mutations

You have razor-sharp teeth.
You heal very quickly.
When hurt, damage is shared between your health and your magic reserves.
Your bite disrupts and absorbs the magic of your enemies.
Potions and wands cannot restore your health.
You are immune to rotting.
You have sharp toenails.
Your flesh is heat resistant. (rF+)
You are frail. (-10% HP)
Your magical capacity is low. (-10% MP)
Your muscles are very strong. (Str +4)


Message History

You kill the golden eye!
Dithmenos accepts your kill.
You are splashed with acid!
The walls burn you! You resist.
You are splashed with acid!
The walls burn you! You resist.
You are splashed with acid!
The walls burn you! You resist.
The helpless golden eye fails to defend itself.
You stick the golden eye like a pincushion!!!!!
You kill the golden eye!
Dithmenos accepts your kill.
You are splashed with acid!
The walls burn you! You resist.
You are splashed with acid!
The walls burn you! You resist.
You are splashed with acid!
The walls burn you! You resist.
* * * LOW HITPOINT WARNING * * *
You are splashed with acid!
The walls burn you! You resist.
* * * LOW HITPOINT WARNING * * *
Okay, then.
As you read the scroll of teleportation, it crumbles to dust.
You feel strangely unstable.
You are splashed with acid!
The walls burn you! You resist.
You die...

### ### ##.## ###.##
#...# ##....###...##
#### #......##..#.##
##.#.##.......@.....#
#.....##.#...##.##.##
.............##.####
.................#
.....#.......##.##
.#........##.#.##.
##..................
....................
....................


There were no monsters in sight!

Vanquished Creatures
  3 nagarajas (Snake:4)
  Kirke (Snake:2)
  Aizul (Snake:1)
  A deep elf sorcerer (Elf:1)
  A deep elf demonologist (Elf:1)
  The ghost of ratzo the Fighter, a journeyman MiBe of Trog (D:10)
  6 naga warriors
  4 hydras
  2 ogre magi (Orc:2)
  Harold (D:10)
  Erolcha (D:9)
  A merfolk avatar (Lair:6)
  9 anacondas
  8 dancing weapons (Elf:2)
  5 deep elf knights (Elf:1)
  3 shock serpents (Snake:4)
  7 naga sharpshooters
  A fire crab (Lair:6)
  Sonja (Orc:2)
  4 salamander mystics
  A large abomination (Abyss:3)
  An unseen horror (Abyss:3)
  3 deep elf archers
  5 sea snakes (Snake:2)
  Pikel (D:6)
  6 hill giants
  4 naga ritualists
  An orc knight (Orc:2)
  3 mana vipers
  An oklob plant (Lair:6)
  3 manticores
  10 salamanders
  3 cyclopes
  28 deep elf magi
  An orc sorcerer (Elf:2)
  2 centaur zombies (D:11)
  7 elephants
  28 black mambas
  Joseph (D:7)
  Psyche (D:9)
  A torpor snail (Lair:6)
  12 naga magi
  15 spiny frogs
  6 komodo dragons
  An efreet (Abyss:3)
  7 rime drakes
  13 two-headed ogres
  7 polar bears
  2 tyrant leeches (Lair:2)
  5 trolls
  Prince Ribbit (D:7)
  3 blink frogs
  5 hippogriffs
  A wind drake (Lair:6)
  5 dream sheep (Lair:6)
  7 starcursed masses (Abyss:3)
  A ynoxinul (Abyss:3)
  15 yaks
  An air elemental (Elf:1)
  A water elemental (Elf:1)
  2 wraiths
  7 wyverns
  A basilisk (Lair:2)
  3 small abominations (Abyss:3)
  10 golden eyes (Slime:1)
  A neqoxec (Abyss:3)
  A hungry ghost (D:8)
  A hog (Snake:2)
  Grum (D:8)
  40 nagas
  6 wargs
  Duvessa (D:7)
  7 porcupines
  34 water moccasins
  A hornet zombie (D:10)
  An ice beast (D:9)
  A sky beast (D:9)
  2 phantoms (D:8)
  23 orc warriors
  5 black bears
  2 necrophages
  An eye of draining (D:9)
  A slave (D:6)
  17 ogres
  15 wolves
  12 crocodiles
  6 centaurs
  10 bullfrogs
  2 big kobolds
  A gnoll sergeant (D:9)
  Dowan (D:7)
  A wyvern skeleton (D:11)
  8 scorpions
  6 killer bees (D:10)
  A water moccasin skeleton (D:11)
  13 electric eels
  15 wights
  5 crimson imps
  A bullfrog zombie (D:11)
  6 hounds
  21 orc priests
  4 jellies
  2 quasits
  A gnoll shaman (D:9)
  12 orc wizards
  5 iguanas
  10 worker ants
  2 hound zombies
  4 worker ant zombies
  9 gnolls
  A howler monkey skeleton (D:4)
  A river rat (D:10)
  16 adders
  3 shadow imps
  An adder zombie (D:8)
  An adder skeleton (D:8)
  4 worms
  3 dart slugs (D:1)
  6 leopard geckos
  74 orcs
  11 bats
  6 giant cockroaches
  10 goblins
  8 hobgoblins
  14 jackals
  19 kobolds
  2 quokkas
  4 ball pythons
  5 frilled lizards
  A giant cockroach zombie (D:6)
  4 leopard gecko skeletons
  11 rats
  6 fungi
  3 plants
836 creatures vanquished.

Vanquished Creatures (others)
  A nagaraja (Snake:4)
  A dire elephant (Lair:6)
  The ghost of smzp the Cleaver, a journeyman HaFi of the Shining One (D:11)
  4 naga warriors
  A catoblepas (Lair:6)
  4 dancing weapons (Elf:2)
  An anaconda (Snake:2)
  2 ogre magi (Orc:2)
  A naga sharpshooter (Snake:4)
  A sea snake (Snake:2)
  2 naga ritualists
  2 deep elf archers (Elf:1)
  A mana viper (Snake:4)
  2 deep elf magi (Elf:2)
  An ugly thing (D:11)
  5 elephants (Lair:6)
  A salamander (Snake:1)
  An orange demon (Abyss:3)
  A komodo dragon (Lair:6)
  A troll (D:11)
  4 two-headed ogres
  A wind drake (Lair:6)
  3 polar bears (Lair:6)
  A dream sheep (Lair:6)
  A hippogriff (Lair:6)
  A blink frog (Lair:6)
  An air elemental (Elf:1)
  2 yaks (Lair:3)
  4 humans (Snake:2)
  A wyvern (Lair:6)
  2 nagas (Snake:4)
  A water moccasin (Lair:5)
  An orc warrior (Orc:1)
  2 slaves (D:6)
  7 ogres (Orc:2)
  2 centaurs
  A big kobold (D:11)
  An electric eel (Lair:4)
  A starcursed mass (Abyss:3)
  An orc priest (Orc:1)
  An orc wizard (Orc:2)
  A gnoll (D:6)
  2 adders (Snake:1)
  2 orcs (Orc:2)
  19 fungi
  37 plants
  2 starspawn tentacles (Abyss:3)
136 creatures vanquished.

Grand Total: 972 creatures vanquished

Notes
Turn   | Place    | Note
-------+----------+-------------------------------------------
     0 | D:1      | Kosschaser the Vine Stalker Assassin began the quest for the Orb.
     0 | D:1      | Reached XP level 1. HP: 11/11 MP: 2/2
    58 | D:1      | Reached skill level 5 in Stealth
   129 | D:1      | Reached XP level 2. HP: 9/15 MP: 1/3
   419 | D:1      | Reached skill level 1 in Dodging
   419 | D:1      | Reached XP level 3. HP: 12/18 MP: 2/4
  1180 | D:2      | Reached skill level 6 in Stealth
  1365 | D:2      | Gained mutation: Your natural rate of healing is unusually fast. [Vine Stalker growth]
  1365 | D:2      | Reached XP level 4. HP: 23/23 MP: 5/5
  1683 | D:2      | You fall through a shaft for 2 floors!
  1979 | D:3      | Reached XP level 5. HP: 23/26 MP: 6/6
  2486 | D:3      | HP: 1/26 [orc priest/divine providence (6)]
  3579 | D:4      | Reached skill level 7 in Stealth
  3752 | D:4      | Reached XP level 6. HP: 30/30 MP: 7/7
  3762 | D:4      | Noticed MrSteve's ghost (novice GrEE)
  3826 | D:5      | Entered Level 5 of the Dungeon
  4499 | D:5      | Found a staircase to the Ecumenical Temple.
  4510 | D:5      | Reached XP level 7. HP: 24/35 MP: 8/8
  4521 | Temple   | Entered the Ecumenical Temple
  4573 | Temple   | Became a worshipper of Dithmenos the Shadowed
  5018 | D:5      | Reached skill level 8 in Stealth
  5567 | D:6      | Gained mutation: You have razor-sharp teeth. [Vine Stalker growth]
  5567 | D:6      | Reached XP level 8. HP: 40/40 MP: 9/9
  5648 | D:6      | Noticed Pikel
  5712 | D:6      | Killed Pikel
  5712 | D:6      | Reached * piety under Dithmenos
  5712 | D:6      | Reached skill level 9 in Stealth
  6553 | D:6      | Reached skill level 5 in Short Blades
  6553 | D:6      | Reached XP level 9. HP: 42/45 MP: 10/10
  6899 | D:7      | Noticed Joseph
  7439 | D:7      | Noticed Duvessa
  7442 | D:7      | Noticed Dowan
  7446 | D:7      | Killed Duvessa
  7460 | D:7      | Killed Dowan
  7484 | D:7      | Reached skill level 10 in Stealth
  7574 | D:7      | Reached ** piety under Dithmenos
  7676 | D:7      | Reached skill level 5 in Dodging
  7735 | D:7      | Noticed Prince Ribbit
  7775 | D:7      | Killed Prince Ribbit
  7944 | D:7      | Killed Joseph
  7944 | D:7      | Reached skill level 11 in Stealth
  8741 | D:6      | Reached XP level 10. HP: 51/51 MP: 11/11
  9096 | D:8      | Noticed Grum
  9553 | D:8      | Reached skill level 5 in Fighting
  9651 | D:8      | Reached skill level 12 in Stealth
  9681 | D:9      | Noticed Erolcha
  9684 | D:9      | Killed Erolcha
  9785 | D:9      | Reached *** piety under Dithmenos
 10150 | D:9      | Reached XP level 11. HP: 56/56 MP: 8/12
 10239 | D:9      | Noticed Psyche
 10246 | D:9      | Killed Psyche
 10475 | D:9      | Reached skill level 13 in Stealth
 10492 | D:9      | Gained mutation: You are agile. (Dex +2) [mutagenic meat]
 10619 | D:8      | Killed Grum
 10730 | D:10     | Entered Level 10 of the Dungeon
 10730 | D:10     | Found Qeyd Iqa's Food Shoppe.
 10781 | D:10     | Found Dein's Jewellery Shoppe.
 10798 | D:10     | Noticed ratzo's ghost (journeyman MiBe)
 10983 | D:10     | Found a staircase to the Lair.
 10984 | D:10     | Found Mumeoret's Armour Shoppe.
 11019 | D:10     | Found Xacuon's Book Shop.
 11022 | D:10     | Gained mutation: Your flesh is heat resistant. (rF+) [potion of mutation]
 11022 | D:10     | Gained mutation: You are frail. (-10% HP) [potion of mutation]
 11022 | D:10     | Gained mutation: Your muscles are strong. (Str +2) [potion of mutation]
 11037 | D:10     | Bought a book of Maledictions for 300 gold pieces
 11040 | D:10     | Learned a level 2 spell: Ensorcelled Hibernation
 11044 | D:10     | Learned a level 3 spell: Confuse
 11317 | D:10     | Noticed a hill giant
 11349 | D:10     | Reached **** piety under Dithmenos
 11382 | D:10     | Noticed Harold
 11383 | D:10     | Reached skill level 1 in Evocations
 11413 | D:10     | Killed Harold
 11413 | D:10     | Reached skill level 1 in Hexes
 11421 | D:10     | Reached skill level 1 in Spellcasting
 11460 | D:10     | Killed a hill giant
 11460 | D:10     | Reached skill level 1 in Ice Magic
 11704 | Lair:1   | Entered Level 1 of the Lair of Beasts
 11944 | Lair:1   | Noticed an oklob plant
 11944 | Lair:1   | Noticed an oklob plant
 12632 | Lair:2   | Found a staircase to the Swamp.
 12827 | Lair:2   | Reached skill level 14 in Stealth
 13112 | Lair:2   | Gained mutation: You heal very quickly. [Vine Stalker growth]
 13112 | Lair:2   | Reached XP level 12. HP: 42/55 MP: 15/15
 13556 | Lair:3   | Found a staircase to the Snake Pit.
 13676 | Snake:1  | Entered Level 1 of the Snake Pit
 14243 | D:10     | Killed ratzo's ghost
 14340 | D:10     | Found a staircase to the Orcish Mines.
 14352 | Orc:1    | Entered Level 1 of the Orcish Mines
 14417 | Orc:1    | Reached skill level 15 in Stealth
 14775 | Orc:2    | Entered Level 2 of the Orcish Mines
 14832 | Orc:2    | Found Izi Nyn's Magic Scroll Shoppe.
 14839 | Orc:2    | Bought a scroll of identify for 34 gold pieces
 14897 | Orc:2    | Noticed Sonja
 14903 | Orc:2    | Killed Sonja
 15028 | Orc:2    | Noticed an ogre mage
 15029 | Orc:2    | Noticed an ogre mage
 15101 | Orc:2    | Noticed an ogre mage
 15247 | Orc:2    | Banished an ogre mage
 15247 | Orc:2    | Reached XP level 13. HP: 60/60 MP: 16/16
 15252 | Orc:2    | Reached skill level 1 in Invocations
 15270 | Orc:2    | Reached skill level 16 in Stealth
 15274 | Orc:2    | Killed an ogre mage
 15289 | Orc:2    | Found Vajon's Food Shoppe.
 15290 | Orc:2    | Found Qaegod's Gadget Shop.
 15290 | Orc:2    | Found Surygg's Book Shoppe.
 15290 | Orc:2    | Found Yczir's Antique Weapon Boutique.
 15372 | Orc:2    | Found a staircase to the Elven Halls.
 15564 | Orc:2    | Reached ***** piety under Dithmenos
 15587 | Orc:2    | Reached skill level 1 in Armour
 15980 | Elf:1    | Entered Level 1 of the Elven Halls
 16201 | Elf:1    | Found Xuzutup's Distillery.
 16201 | Elf:1    | Found Huubuf's Assorted Antiques.
 16548 | Elf:1    | Noticed a deep elf demonologist
 16633 | Elf:1    | Noticed a deep elf sorcerer
 16710 | Elf:1    | Reached skill level 17 in Stealth
 16743 | Elf:1    | Found Zaphumuo's Armour Shop.
 16744 | Elf:1    | Found Quqofyshai's General Store.
 16749 | Elf:1    | Bought a potion of invisibility for 96 gold pieces
 16749 | Elf:1    | Bought a potion of brilliance for 48 gold pieces
 16749 | Elf:1    | Bought a potion of degeneration for 12 gold pieces
 16749 | Elf:1    | Bought a potion of curing for 36 gold pieces
 16763 | Elf:1    | Killed a deep elf demonologist
 16763 | Elf:1    | Reached skill level 10 in Short Blades
 16808 | Elf:1    | Bought a scroll of identify for 44 gold pieces
 16808 | Elf:1    | Bought a wavering platinum amulet for 110 gold pieces
 16808 | Elf:1    | Bought a scroll of teleportation for 66 gold pieces
 16810 | Elf:1    | Identified the amulet "Suitzuimpo" {+Rage rPois rN++ MR- Slay+3} (You bought it in a shop on level 1 of the Elven Halls)
 16814 | Elf:1    | Bought a scroll of identify for 40 gold pieces
 16814 | Elf:1    | Bought a scroll of identify for 40 gold pieces
 16920 | Elf:1    | Killed a deep elf sorcerer
 17067 | Elf:1    | Learned a level 6 spell: Invisibility
 17154 | Elf:1    | Reached XP level 14. HP: 64/64 MP: 20/20
 17164 | Elf:1    | Reached skill level 5 in Throwing
 17558 | Elf:2    | Got an iridescent rapier
 17559 | Elf:2    | Identified the +3 rapier "Sileen" {flame, rElec Str+6 Int+4} (You found it on level 2 of the Elven Halls)
 17559 | Elf:2    | Cast into level 3 of the Abyss (a distortion unwield)
 17676 | Abyss:3  | Noticed a tentacled starspawn
 17677 | Abyss:3  | Noticed a starcursed mass
 17700 | Abyss:3  | Noticed a tentacled starspawn
 17707 | Abyss:3  | Noticed a starcursed mass
 17708 | Abyss:3  | Lost mutation: You are agile. (Dex +2) [a neqoxec]
 17808 | Abyss:3  | Reached skill level 18 in Stealth
 17822 | Abyss:3  | Noticed a white very ugly thing
 17834 | Elf:2    | Escaped the Abyss
 17846 | Elf:2    | Found a runed gate.
 17846 | Elf:2    | Found a runed gate.
 17846 | Elf:2    | Found a runed gate.
 18876 | Elf:2    | Noticed a deep elf demonologist
 19667 | D:10     | Found Riec's Assorted Antiques.
 19679 | D:10     | Bought a metallic silvery potion for 26 gold pieces
 20028 | D:11     | Found Tymeroc's Jewellery Boutique.
 20113 | D:11     | Reached ****** piety under Dithmenos
 20113 | D:11     | Reached skill level 19 in Stealth
 20143 | D:11     | Reached XP level 15. HP: 70/70 MP: 22/22
 20647 | D:11     | Noticed smzp's ghost (journeyman HaFi)
 20659 | D:11     | Banished smzp's ghost
 21515 | Lair:3   | Reached skill level 10 in Dodging
 22777 | Lair:5   | Reached skill level 20 in Stealth
 23728 | Lair:6   | Entered Level 6 of the Lair of Beasts
 23819 | Lair:6   | Found a staircase to the Slime Pits.
 23893 | Slime:1  | Entered Level 1 of the Pits of Slime
 24850 | Lair:6   | Reached skill level 5 in Spellcasting
 25098 | Lair:6   | Got a bloodstained scale mail
 25109 | Lair:6   | Identified the +6 scale mail of a Thousand Deaths {Dex+5} (You found it on level 6 of the Lair of Beasts)
 25605 | Snake:1  | Gained mutation: Your magical capacity is low. (-10% MP) [potion of mutation]
 25605 | Snake:1  | Gained mutation: Your muscles are very strong. (Str +4) [potion of mutation]
 25605 | Snake:1  | Gained mutation: You have sharp toenails. [potion of mutation]
 25664 | Snake:1  | Reached XP level 16. HP: 75/75 MP: 22/22
 26280 | Snake:1  | Noticed Aizul
 26290 | Snake:1  | Killed Aizul
 26474 | Snake:1  | Found Acacop's Jewellery Boutique.
 26476 | Snake:1  | Found Iritut's Gadget Shoppe.
 26477 | Snake:1  | Found Jecw's Jewellery Boutique.
 26781 | Snake:2  | Noticed Kirke
 26785 | Snake:2  | Killed Kirke
 26994 | Snake:2  | Reached skill level 21 in Stealth
 27295 | Snake:2  | Noticed a nagaraja
 27740 | Snake:2  | Banished a nagaraja
 27740 | Snake:2  | Reached skill level 5 in Ice Magic
 28447 | Snake:3  | Reached skill level 5 in Hexes
 28884 | Snake:4  | Entered Level 4 of the Snake Pit
 28884 | Snake:4  | Found Menuitin's Antique Armour Emporium.
 28907 | Snake:4  | Found a blossoming altar of Fedhas.
 28993 | Snake:4  | Found Tiatoj's Jewellery Shop.
 29037 | Snake:4  | Found Bauda's Armour Emporium.
 29037 | Snake:4  | Found Ynwucuri's Armour Boutique.
 29043 | Snake:4  | Reached XP level 17. HP: 79/79 MP: 21/24
 29055 | Snake:4  | Bought the +1 pair of gloves of Satisfaction {rC++ rCorr Str+4 Int-3 Stlth+} for 489 gold pieces
 29055 | Snake:4  | Bought a +2 helmet of see invisible for 236 gold pieces
 29381 | Snake:4  | Reached skill level 22 in Stealth
 29614 | Snake:4  | Identified a scroll of acquirement
 29617 | Snake:4  | Got a sparkling bone ring
 29619 | Snake:4  | Identified the ring "Waoveob" {*Drain rF+ rC+ Str+4} (You acquired it on level 4 of the Snake Pit)
 30592 | Snake:4  | Got a serpentine rune of Zot
 31447 | Slime:1  | Splashed with acid

Skill      XL: |  1  2  3  4  5  6  7  8  9 10 11 12 13 14 15 16 17 |
---------------+----------------------------------------------------+-----
Stealth        | 5 6 7 8 9 11 12 14 15 17 19 20 21 22 | 22.4
Dodging        | 1 2 3 4 5 6 7 8 9 10 11 | 11.2
Short Blades   | 2 3 5 6 7 8 9 10 11 | 11.0
Fighting       | 2 3 4 5 6 7 8 9 |  9.7
Throwing       | 2 3 4 5 6 |  6.7
Evocations     | 1 2 |  2.2
Hexes          | 1 3 4 5 6 |  6.2
Spellcasting   | 1 3 4 5 6 7 |  7.0
Ice Magic      | 1 2 3 4 5 6 |  6.4
Invocations    | 1 2 |  2.0
Armour         | 2 3 4 |  4.2

Action                   |  1- 3 |  4- 6 |  7- 9 | 10-12 | 13-15 | 16-18 || total
-------------------------+-------+-------+-------+-------+-------+-------++-------
Melee: Dagger            |   110 |   233 |   555 |   273 |  1264 |   631 ||  3066
       Bite              |    20 |    60 |   223 |   388 |   521 |   276 ||  1488
       Short sword       |       |       |       |   636 |       |       ||   636
       Kick              |       |       |       |       |     1 |   271 ||   272
 Fire: Blowgun           |     2 |    30 |     6 |    12 |       |       ||    50
Throw: Tomahawk          |       |       |     1 |    22 |    40 |    23 ||    86
       Throwing net      |       |       |       |     2 |     3 |       ||     5
       Javelin           |       |       |       |       |     2 |     3 ||     5
 Cast: Ensorcelled Hiber |       |       |       |     7 |    40 |    94 ||   141
       Confuse           |       |       |       |       |     1 |     1 ||     2
Invok: Shadow Step       |       |       |       |     7 |     2 |     8 ||    17
Evoke: Wand              |       |       |       |     8 |     5 |       ||    13
       Fan of gales      |       |       |       |     2 |       |       ||     2
  Use: Scroll            |       |     5 |     6 |    25 |    19 |     5 ||    60
       Potion            |       |       |       |     2 |     3 |       ||     5
 Stab: Sleeping          |     8 |    14 |     7 |    36 |    82 |    84 ||   231
       Distracted        |       |       |     3 |     2 |    18 |     6 ||    29
       Confused          |       |       |       |     1 |     1 |       ||     2
       Held in net/web   |       |       |       |     1 |     3 |       ||     4
       Petrified         |       |       |       |       |     2 |       ||     2
  Eat: Chunk             |       |    12 |    23 |    25 |    97 |    14 ||   171
       Pizza             |       |     1 |       |       |       |       ||     1
       Royal jelly       |       |       |       |       |       |     2 ||     2
       Meat ration       |       |       |       |       |       |     1 ||     1
Armor: Robe              |    31 |    53 |   113 |   130 |    30 |       ||   357
       Leather armour    |       |     5 |       |       |       |       ||     5
       Troll leather arm |       |       |       |     4 |   141 |    77 ||   222
Dodge: Dodged            |    81 |   111 |   270 |   725 |   982 |   512 ||  2681
